 Dungeon Crawl Stone Soup version 0.26-a0-658-gbdda728c12 (webtiles) character file.

Game seed: 7342603962277737043

3447 flotson the Unseen (level 9, 0/73 HPs)
             Began as a Deep Dwarf Conjurer on Oct 4, 2020.
             Was an Initiate of Fedhas.
             Slain by a harpy (shapeshifter) (7 damage)
             ... on level 7 of the Dungeon.
             The game lasted 00:30:31 (8408 turns).

flotson the Unseen (Deep Dwarf Conjurer)            Turns: 8408, Time: 00:30:33

Health: 0/73       AC: 10    Str: 10    XL:     9   Next: 77%
Magic:  13/16      EV: 13    Int: 21    God:    Fedhas [......]
Gold:   426        SH:  0    Dex: 13    Spells: 5/19 levels left

rFire    . . .     SeeInvis .   a - +4 quarterstaff (chaos)
rCold    . . .     Faith    .   (shield currently unavailable)
rNeg     . . .     Spirit   .   G - +0 robe {MR+}
rPois    +         Reflect  .   p - +0 helmet
rElec    .         Harm     .   x - +2 cloak {rPois}
rCorr    +         Rampage  .   A - +2 pair of gloves
MR       ++...                  E - +0 pair of boots
Stlth    ++++++....             (no amulet)
HPRegen  0.00/turn              c - ring of resist corrosion
MPRegen  0.15/turn              (no ring)

@: non-regenerating
A: damage resistance, heal wounds, sense surroundings 2, no regeneration
a: Heal Wounds, Renounce Religion


You were on level 7 of the Dungeon.
You worshipped Fedhas.
Fedhas was noncommittal.
You visited 1 branch of the dungeon, and saw 7 of its levels.

You collected 426 gold pieces.

Inventory:

Hand Weapons
 a - a +4 quarterstaff of chaos (weapon)
 u - a +3 whip of freezing
 w - a +2 flail of venom
 H - a +0 broad axe
Missiles
 f - 53 poisoned darts (quivered)
Armour
 p - a +0 helmet (worn)
 x - a +2 cloak of poison resistance (worn)
 A - a +2 pair of gloves (worn)
 E - a +0 pair of boots (worn)
 G - a +0 robe of magic resistance (worn)
Jewellery
 c - a ring of resist corrosion (left hand)
 k - an uncursed ring of fire
Wands
 e - a wand of acid (11)
 q - a wand of flame (26)
 v - a wand of digging (5)
 C - a wand of iceblast (3)
Scrolls
 b - 5 scrolls of remove curse
 g - 2 scrolls of magic mapping {unknown}
 l - a scroll of amnesia {unknown}
 m - 2 scrolls of teleportation {unknown}
 o - 2 scrolls of enchant weapon {unknown}
 r - 3 scrolls of blinking {unknown}
 s - 2 scrolls of fear {unknown}
 y - a scroll of noise {unknown}
 z - 2 scrolls of random uselessness {unknown}
 D - a scroll of fog {unknown}
Potions
 d - 3 potions of stabbing
 h - 2 potions of might
 i - a potion of cancellation
 j - a potion of lignification
 n - 2 potions of flight
 t - 3 potions of curing
 B - a potion of brilliance
 F - a potion of berserk rage


   Skills:
 + Level 1.7 Fighting
   Level 0.1 Short Blades
 - Level 1.8(2.4) Maces & Flails
 + Level 2.0(2.3) Staves
 + Level 1.8 Throwing
 + Level 3.6 Dodging
 - Level 15.3 Stealth
 + Level 0.3 Unarmed Combat
 + Level 5.6 Spellcasting
 + Level 6.1 Conjurations
 * Level 1.6 Hexes
 * Level 1.6 Translocations


You had 5 spell levels left.
You knew the following spells:

 Your Spells              Type           Power        Failure   Level
a - Magic Dart            Conj           ####         1%          1
b - Searing Ray           Conj           ####..       1%          2
c - Dazzling Flash        Conj/Hex       ###...       6%          3
d - Fulminant Prism       Conj/Hex       ###.......   21%         4
e - Iskenderun's Mystic   Conj/Tloc      ###.....     21%         4

Your spell library contained the following spells:

 Spells                   Type           Power        Failure   Level


Dungeon Overview and Level Annotations

Branches:
Dungeon (7/15)             Temple (0/1) D:7

Altars:
Ashenzari
Dithmenos
Elyvilon
Fedhas
Kikubaaqudgha
Nemelex Xobeh
Ru
Trog


Innate Abilities, Weirdness & Mutations

You are resistant to damage.
You can heal yourself by infusing magical energy.
You passively map the area around you.
You do not regenerate.


Message History

Aim: a harpy shaped shifter (lightly wounded)
You throw a curare-tipped dart.
The curare-tipped dart closely misses the harpy.
The harpy claws you!! The harpy claws you!
Casting: Magic Dart (safe; 1% risk of failure)
Confirm with . or Enter, or press ? or * to list all spells.
Aiming: Searing Ray (safe; 1% risk of failure)
Press: ? - help, Shift-Dir - straight line, f/p - harpy
Aim: a harpy shaped shifter (lightly wounded)
The searing ray hits the harpy.
The harpy is moderately wounded. (Press . to maintain the ray.)
The harpy claws you. The harpy barely misses you.
The searing ray hits the harpy.
The harpy is heavily wounded.
The harpy claws you!
* * * LOW HITPOINT WARNING * * *
The harpy claws you!
You die...
Fedhas appreciates your contribution to the ecosystem.

* , * * * ,,
################# , ,
...............>#
,,,,,.#####.#######.#
, #@# #.# , , , * #H#
#.####### #(#
#.......# , ** #.# ##
#######.# ,, ,,,,*
#.# #.. , #.# , , , ,
#.####.########.# *
*, #.#...........#.#
, #(#.##...####.#.#
** ##
#.#.##..........#


You could see a harpy shaped shifter.

Vanquished Creatures
  A water moccasin (D:6)
  An orc warrior (D:7)
  2 sky beasts
  A black bear (D:6)
  5 ogres
  A centaur (D:6)
  2 bullfrogs (D:6)
  A water moccasin skeleton (D:5)
  4 scorpions
  5 wights (D:6)
  A howler monkey (D:5)
  A bullfrog zombie (D:6)
  A centaur zombie (D:6)
  9 orc wizards
  Crazy Yiuf (D:3)
  4 orc priests
  A hound (D:4)
  A bullfrog skeleton (D:5)
  2 centaur skeletons (D:5)
  2 iguanas
  7 worker ants
  A killer bee zombie (D:3)
  2 hound zombies
  Robin (D:2)
  A howler monkey zombie (D:5)
  A worker ant zombie (D:7)
  3 gnolls (D:2)
  6 adders
  2 white imps (D:5)
  2 ufetubi
  An adder zombie (D:7)
  A worm (D:3)
  A dart slug (D:1)
  5 leopard geckos
  28 orcs
  3 bats
  5 giant cockroaches
  12 goblins
  8 hobgoblins
  8 jackals
  9 kobolds
  3 quokkas
  A ball python (D:1)
  A ball python skeleton (D:5)
  5 frilled lizards
  A giant cockroach zombie (D:5)
  A leopard gecko skeleton (D:6)
  3 rats
168 creatures vanquished.

Vanquished Creatures (others)
  A fungus (D:3)
1 creature vanquished.

Grand Total: 169 creatures vanquished

Notes
Turn   | Place    | Note
-------+----------+-------------------------------------------
     0 | D:1      | flotson the Deep Dwarf Conjurer began the quest for the
                  | Orb.
     0 | D:1      | Reached XP level 1. HP: 15/15 MP: 3/3
   470 | D:1      | Reached XP level 2. HP: 16/22 MP: 4/4
   677 | D:1      | Learned a level 2 spell: Searing Ray
   841 | D:2      | Found a sparkling altar of Nemelex Xobeh.
  1097 | D:2      | Reached XP level 3. HP: 19/28 MP: 1/6
  1497 | D:2      | Reached XP level 4. HP: 36/36 MP: 3/7
  1712 | D:2      | Reached skill level 3 in Stealth
  1965 | D:2      | Noticed Robin
  1982 | D:2      | Killed Robin
  2088 | D:2      | Learned a level 3 spell: Dazzling Flash
  2603 | D:3      | Reached XP level 5. HP: 36/42 MP: 3/9
  3031 | D:3      | Found a sparkling altar of Nemelex Xobeh.
  3139 | D:3      | Found a runed translucent door.
  3140 | D:3      | Noticed Crazy Yiuf
  3147 | D:3      | Killed Crazy Yiuf
  3349 | D:4      | Reached skill level 1 in Throwing
  3434 | D:4      | Reached XP level 6. HP: 18/50 MP: 6/10
  3658 | D:4      | Reached skill level 1 in Maces & Flails
  3658 | D:4      | Reached skill level 5 in Conjurations
  3802 | D:4      | Reached skill level 1 in Fighting
  3885 | D:4      | Found a shadowy altar of Dithmenos.
  3885 | D:4      | Found an ancient bone altar of Kikubaaqudgha.
  3886 | D:4      | Found a bloodstained altar of Trog.
  4033 | D:4      | Reached skill level 1 in Staves
  4033 | D:4      | Reached XP level 7. HP: 46/57 MP: 5/12
  4404 | D:4      | Found a white marble altar of Elyvilon.
  4534 | D:5      | Entered Level 5 of the Dungeon
  4689 | D:5      | Reached skill level 15 in Stealth
  4689 | D:5      | Reached XP level 8. HP: 48/64 MP: 14/14
  5010 | D:5      | Learned a level 4 spell: Fulminant Prism
  5015 | D:5      | Learned a level 4 spell: Iskenderun's Mystic Blast
  6003 | D:5      | Gained mutation: You passively map the area around you.
                  | [Deep Dwarf growth]
  6003 | D:5      | Reached XP level 9. HP: 69/70 MP: 14/16
  6882 | D:6      | Reached skill level 1 in Hexes
  6996 | D:6      | Reached skill level 5 in Spellcasting
  7390 | D:6      | Reached skill level 1 in Translocations
  7620 | D:6      | Found a blossoming altar of Fedhas.
  7624 | D:6      | Became a worshipper of Fedhas Madash
  7940 | D:7      | Found a staircase to the Ecumenical Temple.
  7972 | D:7      | Found a broken altar of Ashenzari.
  7980 | D:7      | Found a sacrificial altar of Ru.
  8396 | D:7      | Noticed a harpy
  8396 | D:7      | a shapeshifter changed into a harpy
  8408 | D:7      | Slain by a harpy (shapeshifter)

Illustrated notes

Levels and vault maps discovered:
D:1:      grunt_arrival_crossed_arrows, layout_basic
D:2:      minmay_kobold_bridge, layout_basic, nemelex_spade_bored_becter,
          uniq_robin
D:3:      layout_basic, serial_glass, glass_columns_a, glass_columns_b,
          nemelex_diamond_rough_becter, uniq_crazy_yiuf_cottage
D:4:      cheibrodos_barr_body, layout_cave_pools,
          nicolae_overflow_quartered_altars
D:5:      minmay_evil_eye, layout_basic, grunt_ministairs_2
D:6:      layout_basic, marbit_many_paths
D:7:      layout_basic, grunt_temple_overflow_open, minmay_temple_entry_ruins,
          nemelex_dance_club_becter

Skill      XL: |  1  2  3  4  5  6  7  8  9 |
---------------+----------------------------+-----
Spellcasting   | 2 3 4 5 |  5.6
Conjurations   | 4 5 6 |  6.1
Stealth        | 3 15 | 15.3
Throwing       | 1 |  1.8
Maces & Flails | 1 |  1.8
Dodging        | 3 |  3.6
Fighting       | 1 |  1.7
Staves         | 1 2 |  2.0
Hexes          | 1 |  1.6
Translocations | 1 |  1.6
Short Blades   | |  0.1
Unarmed Combat | |  0.3

Action                   |  1- 3 |  4- 6 |  7- 9 || total
-------------------------+-------+-------+-------++-------
Melee: Unarmed           |     7 |       |       ||     7
       Dagger            |    11 |    11 |       ||    22
       Flail             |       |    17 |       ||    17
       Quarterstaff      |       |     8 |    44 ||    52
Throw: Dart              |     2 |    20 |    21 ||    43
 Cast: Magic Dart        |    51 |    76 |   220 ||   347
       Searing Ray       |     5 |    10 |    32 ||    47
       Dazzling Flash    |       |       |     1 ||     1
 Abil: Heal Wounds       |     1 |     1 |     4 ||     6
Evoke: Wand              |       |       |     2 ||     2
  Use: Scroll            |       |     7 |     4 ||    11
       Potion            |       |       |     1 ||     1
 Stab: Sleeping          |       |       |     2 ||     2
Armor: Robe              |     4 |    10 |    39 ||    53
Dodge: Dodged            |    27 |    32 |    61 ||   120

Table legend: (Time is in decaauts)
 A = Elapsed time spent in this place.
 B = Non-inter-level travel time spent in this place.
 C = Inter-level travel time spent in this place.
 D = Time resting spent in this place.
 E = Time spent auto-exploring this place.
 F = Levels seen in this place.
 G = Mean time per level.
                   A        B        C        D        E       F      G
               +--------+--------+--------+--------+--------+-----+--------+
         Total |   8424 |   8229 |    195 |    672 |   5999 |   7 | 1203.4 |
       Dungeon |   8424 |   8229 |    195 |    672 |   5999 |   7 | 1203.4 |
               +--------+--------+--------+--------+--------+-----+--------+

Top non-repeatable levels by time:
     D:5: 1720 daAuts
     D:6: 1676 daAuts
     D:2: 1418 daAuts
     D:4: 1145 daAuts
     D:3: 1124 daAuts
     D:1: 854 daAuts
     D:7: 484 daAuts
